[Event "8th Svetozar Gligoric Cup 2022"]
[Site "Paracin"]
[Date "2022.06.03"]
[Round "5.9"]
[White "Savicevic, Vlatko"]
[Black "Maksimovic, Bojan"]
[Result "0-1"]
[ECO "B40"]
[WhiteElo "2284"]
[BlackElo "2445"]
[Annotator "TA"]
[PlyCount "76"]
[EventDate "2022.05.31"]
[EventType "team-tourn"]
[EventCountry "SRB"]
[SourceTitle "playchess.com"]
[Source "ChessBase"]
[SourceQuality "1"]
[TimeControl "40/5400+30:900+30"]

1. e4 c5 2. Nf3 e6 3. Nc3 a6 4. g3 b5 5. Bg2 Bb7 6. d3 d6 7. O-O Nf6 8. Ng5 h6 {[%emt 0:06:25] B40: Sicilian: 2...e6, Unusual lines.} 9. Nh3 Nc6 10. f4 Be7 {[%emt 0:00:48] The position is equal.} 11. a3 Qc7 12. f5 e5 {[%emt 0:09:12] [#]} 13. g4 $146 (13. Nd5 $14 Nxd5 14. exd5) ({Predecessor:} 13. Nd5 Nxd5 14. exd5 Nb8 15. Qg4 Bf6 16. Nf2 Nd7 17. c4 bxc4 18. dxc4 a5 19. a4 {1-0 (29) Hansen,E (2527)-Santiago,Y (2364) Mar del Plata 2012}) 13... Nd4 $15 14. Nd5 Bxd5 15. exd5 c4 $1 16. dxc4 (16. Be3 $15 {feels stronger.}) 16... Qxc4 $17 17. Rf2 Rc8 ({Resist} 17... Nxd5 18. c3 $18) 18. b3 Qc3 19. Ra2 {[%emt 0:00:34] [#]} Nxd5 $1 {[%emt 0:05:29][%mdl 512] 0x0.001e35e259a1dp-1022s more active pieces.} 20. Bxd5 {[%emt 0:03:49][%cal Oh3f4] Nf4! is the strong threat.} Qxh3 21. Bg2 Qh4 22. c3 (22. Bd2 $17 {might work better.}) 22... Rxc3 $19 {[%emt 0:01:08] aiming for ...Rc7.} 23. Bb2 Rc7 24. Bxd4 exd4 25. Rac2 Rxc2 26. Rxc2 O-O 27. Qxd4 h5 28. Bf3 hxg4 (28... d5 $19 29. a4 bxa4 30. bxa4 Rb8 31. Bxd5 hxg4) 29. Qxg4 $17 Qe1+ 30. Kg2 Bf6 31. Qe4 Qa1 32. a4 (32. Bh5 $17) 32... bxa4 (32... Bd4 $19 33. axb5 axb5) 33. bxa4 ({Better is} 33. Qxa4 Qe5 34. Qe4) 33... a5 (33... Bd4 $142 {White must now prevent ...Rb8.} 34. Be2 Qg1+ 35. Kh3 a5) 34. Be2 Qe1 35. Bd3 Qd1 36. Bc4 Be5 37. Bd5 (37. Be2 $142 Qb1 38. Bc4) 37... Qh5 ({Black should play} 37... Rb8 38. f6 Qh5) 38. h3 Kh7 {[%emt 0:03:14] Weighted Error Value: White=0.26 (precise) /Black=0.17 (very precise)} 0-1

[Event "8th Svetozar Gligoric Cup 2022"]
[Site "Paracin"]
[Date "2022.06.03"]
[Round "5.10"]
[White "Tadic, Stefan"]
[Black "Simic, Dragisa"]
[Result "1/2-1/2"]
[ECO "C00"]
[WhiteElo "2358"]
[BlackElo "2290"]
[Annotator "TA"]
[PlyCount "84"]
[EventDate "2022.05.31"]
[EventType "team-tourn"]
[EventCountry "SRB"]
[SourceTitle "playchess.com"]
[Source "ChessBase"]
[SourceQuality "1"]
[TimeControl "40/5400+30:900+30"]

1. e4 e6 2. Qe2 c5 3. g3 Nc6 4. Nf3 Nf6 5. Bg2 d5 6. d3 Be7 7. O-O O-O 8. e5 Ne8 9. Bf4 {[%emt 0:07:20] C00: French: Unusual White 2nd moves.} b5 10. c3 b4 11. h4 {[%emt 0:07:41] White has an edge.} a5 {[%emt 0:03:27] [#]} 12. Nbd2 $146 ({Predecessor:} 12. c4 Nc7 13. Nbd2 Ba6 14. Rfd1 a4 15. Qe1 Qd7 16. Rac1 Bb7 17. Be3 Rfd8 18. Nf1 {½-½ (26) David,A (2534)-Peng,L (2487) Agios Ioannis 2019}) 12... a4 13. c4 Nc7 14. h5 (14. a3 $11) 14... Kh8 15. Rfd1 Bb7 16. Nf1 Qd7 17. N1h2 Rfd8 (17... h6 $11) 18. h6 $14 g6 19. Ng4 Ne8 20. cxd5 {[%emt 0:13:42] White is more active.} exd5 21. Bh3 (21. Ng5 $2 Nd4 22. Qe3 (22. Nxf7+ $2 Kg8 $19) 22... Qxg4 $19) ({White should play} 21. e6 $1 $14 Qxe6 22. Qxe6 fxe6 23. Re1) 21... Nc7 (21... Qf5 $1 $11 {keeps the balance.}) 22. e6 (22. Ng5 $16 Qe8 23. Qe3) 22... Nxe6 $11 23. Be5+ Kg8 $1 {[%emt 0:04:13] White must now prevent ...f5.} (23... Nxe5 24. Ngxe5 Qe8 25. Bxe6 (25. Nxf7+ Qxf7 26. Bxe6 Qf6 $17) 25... fxe6 {[#]} 26. Nc6 $1 $16) 24. Nf6+ Bxf6 25. Bxf6 Nf4 26. gxf4 Qxh3 27. Ng5 $1 {[%emt 0:00:29] Chess con chili.} Qxh6 {[%emt 0:00:55] [#] Hoping for ...Rd6.} 28. Bxd8 (28. Kg2 $1 $11 Qf8 29. Nxh7) 28... Rxd8 $19 29. d4 (29. Kg2 $142 Qh4 30. Qf3) 29... c4 ({Worse is} 29... cxd4 30. Qd3 $17) ({Weaker is} 29... Nxd4 30. Qe7 Rf8 31. Rxd4 cxd4 32. Qxb7 $14) 30. Kg2 {[%emt 0:02:27] And now Rh1 would win.} Qg7 31. Qe3 (31. a3 {keeps fighting.} b3 32. Nf3) 31... Bc8 32. Rd2 Bf5 33. Re1 Qf8 34. Kg1 Qd6 35. Nf3 f6 {[%emt 0:01:14] Prevents Ne5.} 36. Nh4 Bd7 37. Qg3 Ne7 $2 ({Better is} 37... Kg7 $19 {aiming for ...Ra8.} 38. Rdd1 Rc8) 38. Rde2 $11 Nf5 39. Nxf5 Bxf5 40. Re7 Rd7 41. Re8+ Kg7 {[%emt 0:02:21][%cal Oc4c3] Strongly threatening ...c3!} 42. Ra8 Re7 {[%emt 0:02:44] And White is the lucky defender.  Weighted Error Value: White=0.24 (precise) /Black=0.30} (42... a3 $5 43. bxa3 c3 $17) 1/2-1/2

[Event "8th Svetozar Gligoric Cup 2022"]
[Site "Paracin"]
[Date "2022.06.03"]
[Round "5.11"]
[White "Adzic, Momcilo"]
[Black "Ivanovic, Marko"]
[Result "0-1"]
[ECO "C78"]
[WhiteElo "2203"]
[BlackElo "2294"]
[Annotator "TA"]
[PlyCount "90"]
[EventDate "2022.05.31"]
[EventType "team-tourn"]
[EventCountry "SRB"]
[SourceTitle "playchess.com"]
[Source "ChessBase"]
[SourceQuality "1"]
[TimeControl "40/5400+30:900+30"]

1. e4 e5 2. Nf3 Nc6 3. Bb5 a6 4. Ba4 Nf6 5. d3 b5 6. Bb3 Bc5 7. O-O d6 8. c3 O-O {[%emt 0:00:17] 8...h6 is more advanced technology.} 9. Nbd2 {[%emt 0:01:12][%cal Bb1d2,Bd2f1,Bf1e3][%mdl 32] C78: Ruy Lopez: Archangelsk and Möller Defences.} Re8 10. Re1 h6 11. Nf1 {[%emt 0:00:40] The position is equal.} Be6 12. Be3 Bxe3 13. Nxe3 d5 {[%emt 0:00:03] [#]} 14. Bc2 $146 ({Predecessor:} 14. Qc2 Rc8 15. Rad1 d4 16. Bxe6 fxe6 17. Nf1 Nh5 18. N1d2 Rf8 19. cxd4 Nxd4 {1-0 (40) Menacher,M (2311)-Riedel,W (2317) Wildflecken 1993}) 14... Qd6 15. h3 Rad8 16. exd5 Nxd5 17. Nxd5 Bxd5 18. a4 b4 19. a5 bxc3 20. bxc3 Qc5 21. Ba4 Re6 {[%emt 0:17:08] Black continues to play with concentration.} (21... Qxc3 $2 22. Rc1 Qxa5 23. Bxc6 Bxc6 24. Rxc6 $18) 22. Bxc6 Bxc6 23. Re3 Bxf3 {[%emt 0:00:58] Black is much more active.} 24. Rxf3 (24. Qxf3 $17 Qxc3 25. Ree1) 24... Qxc3 $19 {[%emt 0:00:10] [#] Strongly threatening ...e4.} 25. Qa4 Rxd3 26. Rxd3 Qxd3 {[%emt 0:00:02][%mdl 4096] Endgame KQR-KQR} 27. Qb4 Qd4 28. Qe1 Rd6 29. Rb1 f6 30. Qe2 Qd3 {[%emt 0:01:04] Prevents Qc2.} 31. Qb2 Rd5 32. Rc1 Rxa5 {[%emt 0:13:26] ...Kh7 is the strong threat.} 33. Qb8+ (33. Rxc7 $142 Kh7 34. Qb7) 33... Kh7 34. Qxc7 Rd5 35. Ra1 Qe2 36. Qa7 $2 {[%emt 0:06:24] [#]} (36. Qc8 Rd1+ 37. Rxd1 Qxd1+ 38. Kh2) 36... Rd1+ 37. Rxd1 Qxd1+ {[%emt 0:00:06] KQ-KQ} 38. Kh2 Qd4 {[%emt 0:00:49] Black is clearly winning.} 39. Qxa6 (39. Qa8 $142 a5 40. Qxa5) 39... Qxf2 40. Qe6 Qf4+ 41. Kg1 e4 42. Qc4 f5 43. Qd4 Qc1+ 44. Kh2 Qf1 45. Qe5 Qf2 {[%emt 0:00:13] Weighted Error Value: White=0.47/Black=0.04 (flawless)} 0-1

[Event "8th Svetozar Gligoric Cup 2022"]
[Site "Paracin"]
[Date "2022.06.03"]
[Round "5.12"]
[White "Brankovic, Vladislav"]
[Black "Vuksanovic, Zvezdan"]
[Result "1-0"]
[ECO "B08"]
[WhiteElo "2114"]
[BlackElo "2187"]
[Annotator "TA"]
[PlyCount "73"]
[EventDate "2022.05.31"]
[EventType "team-tourn"]
[EventCountry "SRB"]
[SourceTitle "playchess.com"]
[Source "ChessBase"]
[SourceQuality "1"]
[TimeControl "40/5400+30:900+30"]

1. e4 d6 2. d4 Nf6 3. Nc3 g6 4. Nf3 Bg7 5. Be3 O-O 6. Qd2 c6 7. Bh6 Qa5 (7... d5 $11) 8. Bd3 {[%emt 0:03:08] B08: Pirc Defence: Classical System.} (8. h4 $16) 8... Nbd7 (8... Bg4 $11) 9. h4 $14 Bxh6 10. Qxh6 {[%emt 0:00:05] And now Ng5 would win. White is slightly better.} Qh5 11. Qd2 {[%emt 0:01:14] [#] White is more active.} e5 $146 ({Predecessor:} 11... Qa5 12. Qg5 Qxg5 13. hxg5 Nh5 14. O-O-O Nf4 15. Rh2 Nxd3+ 16. cxd3 Kg7 17. Rdh1 Rh8 18. Nd1 Nf8 19. Ne3 {½-½ (19) Kirchner,M (1774)-Trice,M (1878) Kitzingen 2010}) 12. O-O-O Ng4 (12... b5 $142) 13. Kb1 (13. Be2 $142) 13... Ndf6 (13... Qh6 $16 {keeps fighting.}) 14. dxe5 dxe5 (14... Nxe5 15. Be2 Nxf3 16. Qxd6 (16. gxf3 Be6 $16) (16. Bxf3 Bg4 $16) 16... Qe5) 15. Ng5 $18 Ne8 16. f3 Ngf6 17. g4 Qh6 18. Bc4 Qg7 (18... b5 {was called for.} 19. Bb3 a5) 19. h5 {[%emt 0:04:17] Hoping for h6.} h6 20. Nxf7 Rxf7 21. hxg6 Qxg6 22. Rxh6 Qg7 23. Rdh1 Kf8 24. Rh8+ Ke7 25. Bxf7 (25. R1h6 Rf8 26. Rxf8 (26. Qh2 Rxh8 27. Rxh8 Be6 $11) 26... Kxf8 $16) 25... Qxf7 26. Qg5 Qe6 27. R1h7+ Kd6 {[%emt 0:00:00] [#]} 28. Rxe8 $1 Nxe8 (28... Qxe8 29. Qxf6+) 29. Qd8+ (29. Qd2+ $142 Qd5 30. Nxd5 (30. Qxd5+ cxd5 31. Rh6+ Kc5 $16) 30... Nf6 31. Nxf6+ Kc5 32. Qa5+ b5 33. b4+ Kc4 34. Qa3 Be6 35. Qb3+ Kd4 36. Qd3#) 29... Kc5 30. Re7 Bd7 31. Qa5+ ({Weaker is} 31. Qxa8 Qxe7 32. Qxb7 (32. Qxa7+ Kd6 $16) 32... Kd6 $16) 31... b5 32. Na4+ Kd6 33. Qb4+ {[%emt 0:00:05][%mdl 64] [#] Deflection} Kc7 34. Rxe6 {[%emt 0:00:03] White wants to mate with Qa5+.} Bxe6 35. Qe7+ {[%emt 0:00:05] White mates.} Bd7 36. Nc5 Rd8 37. Ne6+ {[%emt 0:00:03] White took control after the opening.  Weighted Error Value: White=0.24 (precise) /Black=1.21} 1-0